 Dungeon Crawl Stone Soup version 0.31-a0-460-g9e667d4245 (webtiles) character file.

Game seed: 4284244330316452059

1539 Gelion the Changeling (level 8, -4/53 HPs)
             Began as an Octopode Shapeshifter on Aug 5, 2023.
             Killed from afar by Maggie (32 damage)
             ... with a bolt of fire
             ... on level 6 of the Dungeon.
             The game lasted 00:10:33 (4591 turns).

Gelion the Changeling (Octopode Shapeshifter)       Turns: 4591, Time: 00:10:33

Health: -4/53      AC:  9    Str: 19    XL:     8   Next: 86%
Magic:  8/8        EV: 10    Int: 10    God:
Gold:   307        SH:  0    Dex: 15    Spells: 7/7 levels left

rFire   . .          .
                       - Unarmed
rCold   . . .        (shield currently unavailable)
rNeg    . . .        (helmet currently unavailable)
rPois   .            (no amulet)
rElec   .            s - ring of see invisible
rCorr   .            (no ring)
SInv    +            (no ring)
Will    .....        (no ring)
Stlth   +            (no ring)
HPRegen 0.28/turn    (no ring)
MPRegen 0.11/turn    (no ring)
                     (no ring)

%: no passive effects
@: snake-form
A: constrict, reduced hp, almost no armour, amphibious, 8 rings, large,
(camouflage 1), (gelatinous body 1), (nimble swimmer 1), (tentacles)
a: Begin Untransformation


You were on level 6 of the Dungeon.
You were an enormous anaconda.
You visited 1 branch of the dungeon, and saw 6 of its levels.
You also visited: Sewer and Ossuary.

You collected 307 gold pieces.

Inventory:

Armour
 i - a +0 kite shield
Jewellery
 s - a ring of see invisible (left tentacle)
Talismans
 b - a beast talisman
 t - a serpent talisman (active)
Wands
 o - a wand of mindburst (16)
 r - a wand of flame (25)
Scrolls
 a - 2 scrolls of identify
 c - a scroll of enchant armour
 l - a scroll of immolation
 n - a scroll of fog
Potions
 d - 2 potions of enlightenment
 e - 4 potions of curing
 f - 2 potions of mutation
 h - a potion of attraction
 k - 2 potions of brilliance
 m - a potion of haste
 p - a potion of lignification
 q - 2 potions of magic


   Skills:
 + Level 5.3 Fighting
 - Level 2.0 Dodging
 + Level 6.1 Unarmed Combat
 * Level 7.1 Shapeshifting


You had 7 spell levels left.
You didn't know any spells.
Your spell library contained the following spells:

 Spells                   Type           Power      Damage    Failure   Level
 Summon Small Mammal      Summ           0%         N/A       36%         1
 Call Canine Familiar     Summ           0%         N/A       75%         3
 Dazzling Flash           Conj/Hex       0%         N/A       75%         3
 Summon Guardian Golem    Hex/Summ       0%         N/A       75%         3
 Agony                    Necr           0%         N/A       100%        5
 Silence                  Hex/Air        0%         N/A       100%        5


Dungeon Overview and Level Annotations

Branches:
Dungeon (6/15)              Sewer (visited)         Ossuary (visited)
 Temple: D:4-7

Altars:
Elyvilon
Kikubaaqudgha

Annotations:
D:6 Maggie


Innate Abilities, Weirdness & Mutations

You are an enormous anaconda.
You have a powerful constriction melee attack.
Your maximum health is decreased, since you lack skill for your form.
Your armour is entirely melded.
You are incapable of wielding weapons or throwing items.
You cannot wear most types of armour.
You are amphibious.
You can wear up to eight rings at the same time.
((Your skin changes colour to match your surroundings (Stealth+).))
((Your rubbery body absorbs attacks. (AC +1, EV +1)))
((You are camouflaged when in or above water. (Stealth+)))
((You have tentacles for arms and can constrict up to eight enemies at once.))


Message History

You feel much better.
You constrict Maggie.
Maggie hits you with a +0 glaive of flaming!
Maggie burns you.
* * * LOW HITPOINT WARNING * * *
You feel much better.
You constrict Maggie. Maggie barely misses you.
You hit Maggie.
Maggie is moderately wounded.
You constrict Maggie.
Maggie hits you with a +0 glaive of flaming!
Maggie burns you.
You hit Maggie.
Maggie is heavily wounded.
You constrict Maggie.
Maggie mutters to herself, "Master Lance won't take me back.
This is the way forward."
Maggie barely misses you.
You hit Maggie.
Maggie is heavily wounded.
You constrict Maggie.
You feel much better.
You constrict Maggie.
Maggie points at you and mumbles some strange words.
The bolt of fire hits you!
You barely miss Maggie.
Maggie is severely wounded.
You constrict Maggie.
Maggie hits you with a +0 glaive of flaming!
Maggie burns you.
* * * LOW HITPOINT WARNING * * *
You completely miss Maggie.
Maggie is severely wounded.
You constrict Maggie!
Maggie says, "Have you seen any dragons?"
Maggie hits you with a +0 glaive of flaming!
* * * LOW HITPOINT WARNING * * *
Maggie burns you.
* * * LOW HITPOINT WARNING * * *
You feel much better.
You constrict Maggie. Maggie casts a spell at you. The bolt of fire hits you!!
Ouch! That really hurt!
You die...

#.....####
#.....#
###.### ###
#.# ..# #)#
#.# #)# #.#
#.# #@# #.#
####S####.#
#.........#
#...........#
###.##.######
#. #.# : #.#
# #.# ..# ##


You could see Maggie.

Vanquished Creatures
  A wyvern (D:5)
  An ice beast (D:4)
  3 ogres
  A centaur (D:5)
  2 kobold brigands (Sewer)
  5 wights (D:6)
  A howler monkey (D:5)
  2 centaur zombies (Ossuary)
  A jelly (D:5)
  2 hounds (D:4)
  Crazy Yiuf (D:4)
  An iguana (D:5)
  2 sleepcaps
  Ijyb (D:5)
  6 mummies (Ossuary)
  4 gnolls (D:4)
  An adder (D:5)
  2 river rats (Sewer)
  An ufetubus (D:5)
  4 worms
  4 dart slugs
  4 orcs
  7 endoplasms
  2 giant cockroaches
  A gnoll zombie (Ossuary)
  10 goblins
  3 hobgoblins
  5 jackals
  10 kobolds
  3 quokkas
  4 ball pythons
  5 bats
  5 frilled lizards
  4 goblin zombies (Ossuary)
  A kobold zombie (Ossuary)
  9 rats
119 creatures vanquished.

Notes
Turn   | Place    | Note
-------+----------+-------------------------------------------
     0 | D:1      | Gelion the Octopode Shapeshifter began the quest for the
                  | Orb.
     0 | D:1      | Reached XP level 1. HP: 13/13 MP: 1/1
   105 | D:1      | Reached XP level 2. HP: 18/18 MP: 2/2
   463 | D:2      | Reached XP level 3. HP: 20/23 MP: 3/3
  1092 | D:3      | Reached XP level 4. HP: 18/29 MP: 4/4
  1521 | D:3      | Found a faded altar of an unknown god.
  1698 | D:3      | Found an ancient bone altar of Kikubaaqudgha.
  1908 | D:4      | Found a glowing drain.
  1912 | D:4      | Reached skill level 4 in Shapeshifting
  1912 | D:4      | Reached XP level 5. HP: 35/35 MP: 5/5
  1955 | Sewer    | Entered a sewer
  2025 | Sewer    | Noticed a kobold brigand
  2027 | Sewer    | Noticed a kobold brigand
  2060 | Sewer    | Killed a kobold brigand
  2067 | Sewer    | Killed a kobold brigand
  2068 | Sewer    | Reached XP level 6. HP: 28/42 MP: 6/6
  2220 | Sewer    | Found a white marble altar of Elyvilon.
  2362 | D:4      | Noticed an ice beast
  2403 | D:4      | Killed an ice beast
  2404 | D:4      | Reached skill level 5 in Shapeshifting
  2616 | D:4      | Reached XP level 7. HP: 46/46 MP: 7/7
  2778 | D:4      | Found a runed translucent door.
  2779 | D:4      | Noticed Crazy Yiuf
  2914 | D:4      | Killed Crazy Yiuf
  3285 | D:5      | Entered Level 5 of the Dungeon
  3406 | D:5      | Reached skill level 5 in Unarmed Combat
  3419 | D:5      | Noticed a wyvern
  3468 | D:5      | Found a sand-covered staircase.
  3474 | Ossuary  | Entered an ossuary
  3621 | Ossuary  | Reached skill level 6 in Shapeshifting
  3676 | Ossuary  | Reached XP level 8. HP: 51/54 MP: 8/8
  3736 | D:5      | Killed a wyvern
  3951 | D:5      | Noticed Ijyb
  3955 | D:5      | Killed Ijyb
  4283 | D:6      | Found a white marble altar of Elyvilon.
  4309 | D:6      | Reached skill level 5 in Fighting
  4559 | D:6      | Reached skill level 7 in Shapeshifting
  4577 | D:6      | Noticed Maggie
  4591 | D:6      | Killed from afar by Maggie

Illustrated notes

Levels and vault maps discovered:
D:1:      minmay_arrival_doors, layout_basic, minmay_misc_feat_chi
D:2:      layout_rooms, grunt_decor_resistance
D:3:      layout_basic, mainiacjoe_overflow_alcove_2,
          shapermc_ecumenical_altar_pompeii
D:4:      layout_basic, cheibrodos_sewer_entry_drain, uniq_crazy_yiuf_cottage
D:5:      layout_gridville, enter_ossuary_2, uniq_ijyb
D:6:      layout_loops_ring, mainiacjoe_overflow_catwalk,
          ebering_ghost_disaster_area, grunt_decor_mini_mirrors,
          minmay_misc_feat_x, mrwooster_statue_mirror, uniq_maggie

Skill      XL: |  1  2  3  4  5  6  7  8 |
---------------+-------------------------+-----
Fighting       | 2 3 4 5 |  5.3
Shapeshifting  | 4 5 6 7 |  7.1
Unarmed Combat | 4 5 6 |  6.1
Dodging        | |  2.0

Action                     |  1- 3 |  4- 6 |  7- 9 || total
---------------------------+-------+-------+-------++-------
  Melee: Unarmed           |    56 |       |     7 ||    63
         Tentacles         |    16 |    27 |    46 ||    89
         Constrict         |    15 |    28 |    28 ||    71
         Dagger            |    13 |   120 |   123 ||   256
         Punch             |     1 |     3 |     6 ||    10
    Use: Scroll            |     4 |     4 |     4 ||    12
         Potion            |       |     1 |    10 ||    11
   Stab: Sleeping          |    11 |     2 |     9 ||    22
         Distracted        |       |     1 |       ||     1
 Armour: Skin              |     5 |    42 |    22 ||    69
  Dodge: Dodged            |    32 |    57 |    72 ||   161
   Form: Anaconda          |       |       |     1 ||     1

Table legend: (Time is in decaauts)
 A = Elapsed time spent in this place.
 B = Non-inter-level travel time spent in this place.
 C = Inter-level travel time spent in this place.
 D = Time resting spent in this place.
 E = Time spent auto-exploring this place.
 F = Levels seen in this place.
 G = Mean time per level.
                   A        B        C        D        E       F      G
               +--------+--------+--------+--------+--------+-----+--------+
         Total |   4564 |   4198 |    366 |    225 |   3097 |   8 |  570.5 |
       Dungeon |   4012 |   3646 |    366 |    106 |   2839 |   6 |  668.7 |
         Sewer |    320 |    320 |      0 |    119 |    126 |   1 |  320.0 |
       Ossuary |    231 |    231 |      0 |      0 |    132 |   1 |  231.0 |
               +--------+--------+--------+--------+--------+-----+--------+

Top non-repeatable levels by time:
     D:4: 1100 daAuts
     D:3: 828 daAuts
     D:5: 717 daAuts
     D:2: 572 daAuts
     D:1: 457 daAuts
     D:6: 335 daAuts
   Sewer: 320 daAuts
 Ossuary: 231 daAuts
